 Dungeon Crawl Stone Soup version 0.27-a0-1200-g94dc6ad4cf (webtiles) character file.

Game seed: 5539939620158409244

470 spiderkeys the Poker (level 7, -3/84 HPs)
             Began as a Merfolk Abyssal Knight on June 1, 2021.
             Was a Believer of Lugonu.
             Slain by Dowan
             ... wielding a +2 dagger of venom
              (5 damage)
             ... on level 4 of the Dungeon.
             The game lasted 00:05:29 (4098 turns).

spiderkeys the Poker (Merfolk Abyssal Knight)       Turns: 4098, Time: 00:05:30

Health: -3/84      AC:  5    Str: 14    XL:     7   Next: 9%
Magic:  10/10      EV: 15    Int: 11    God:    Lugonu [**....]
Gold:   145        SH:  0    Dex: 20    Spells: 6/6 levels left

rFire    . . .     SeeInvis .   f - +0 trident
rCold    . . .     Faith    .   (no shield)
rNeg     . . .     Spirit   .   b - +0 leather armour
rPois    .         Reflect  .   (no helmet)
rElec    .         Harm     .   h - +0 cloak
rCorr    .         Rampage  +   (no gloves)
Will     +....                  n - +0 pair of boots {rampage}
Stlth    ..........             (no amulet)
HPRegen  0.24/turn              l - ring of willpower
MPRegen  0.12/turn              D - +6 ring of dexterity

@: mighty, berserking, lethally poisoned (-3 -> -13), very quick
A: (nimble swimmer 2), mertail
a: Renounce Religion, Depart the Abyss, Bend Space


You were on level 4 of the Dungeon.
You worshipped Lugonu.
Lugonu was pleased with you.
You visited 1 branch of the dungeon, and saw 4 of its levels.
You visited the Abyss 1 time.

You collected 145 gold pieces.


Innate Abilities, Weirdness & Mutations

((You are quick and stealthy near water. (Stealth+, EV+, Speed+++)))
Your lower body shifts to a powerful aquatic tail in water.


   Skills:
 + Level 5.1 Fighting
 + Level 5.9 Polearms
 - Level 0.6 Armour
 + Level 5.3 Dodging
 + Level 4.3 Invocations


You had 6 spell levels left.
You didn't know any spells.
Your spell library contained the following spells:

 Spells                   Type           Power      Damage    Failure   Level
 Summon Small Mammal      Summ           0%         N/A       41%         1
 Call Imp                 Summ           0%         N/A       56%         2
 Ensorcelled Hibernation  Hex/Ice        0%         N/A       56%         2
 Call Canine Familiar     Summ           0%         N/A       80%         3
 Summon Guardian Golem    Hex/Summ       0%         N/A       80%         3
 Animate Armour           Summ/Erth      0%         N/A       99%         4
 Summon Ice Beast         Ice/Summ       0%         N/A       99%         4
 Summon Lightning Spire   Summ/Air       0%         N/A       99%         4
 Borgnjor's Vile Clutch   Necr/Erth      0%         N/A       100%        5
 Silence                  Hex/Air        0%         N/A       100%        5
 Shadow Creatures         Summ           N/A        N/A       100%        6

Inventory:

Hand Weapons
 a - a +1 spear
 f - a +0 trident (weapon)
   (You found it on level 3 of the Dungeon)
Missiles
 c - 59 stones
 g - 14 sling bullets
 i - 19 arrows
 p - 19 bolts
Armour
 b - a +0 leather armour (worn)
 h - a +0 cloak (worn)
   (You found it on level 1 of the Dungeon)
 n - a +0 pair of boots of rampaging (worn)
   (You found it on level 3 of the Dungeon)
Jewellery
 l - a ring of willpower (left hand)
   (You found it on level 2 of the Dungeon)
 D - a +6 ring of dexterity (right hand)
   (You found it on level 4 of the Dungeon)
 F - a ring of fire
   (You found it on level 3 of the Dungeon)
Wands
 d - a wand of iceblast (2)
   (You took it off Ijyb on level 3 of the Dungeon)
Scrolls
 e - a scroll of noise {!r}
Potions
 m - a potion of ambrosia {unknown}
 o - a potion of flight {unknown}
 q - a potion of resistance {unknown}
 r - a potion of mutation {unknown}

Dungeon Overview and Level Annotations

Branches:
Dungeon (4/15)
 Temple: D:4-7

Altars:

Annotations:
D:4 Dowan

### .. #.. .. #.# #. #†#
#.######## ### # #<#
#.....#.#.... .
#.##.#####....#.#.#.....
.#
#........##..#..#..#...#
.#
####..##.##e#...#)..#.#.
.#
####..#...@).....)......
.#
#.....##...#...#.#...#..
.#
#.##....#..#..#.?.#..#
.#
#.#####..#.#.#.....#.#
.# #.# #...#.#.......#e#
.# #[###################
# .######........
.........######
####.###.#


You could see Dowan (fast).


Message History

Aim: Duvessa, wielding a +0 short sword and wearing a +0 leather armour (moderately wounded)
Okay, then.
You completely miss the goblin. The goblin closely misses you.
Dowan gestures wildly while chanting.
Dowan blinks!
You hit the goblin. The goblin closely misses you.
You puncture the goblin!
You kill the goblin!
Lugonu accepts your kill.
Aiming: Iceblast
Press: ? - help, Shift-Dir - straight line, f - Duvessa
Aim: Duvessa, wielding a +0 short sword and wearing a +0 leather armour (moderately wounded)
Okay, then.
Aiming: Iceblast
Press: ? - help, Shift-Dir - straight line, f - Duvessa
Aim: Duvessa, wielding a +0 short sword and wearing a +0 leather armour (moderately wounded)
The mass of ice explodes!
The iceblast engulfs Duvessa.
Dowan casts a spell.
Dowan blinks!
You hit Duvessa but do no damage. Duvessa closely misses you.
Dowan casts a spell at you. The puff of flame hits you. 😕 HP[-6]
You take 6 damage, and now have 44/50 hp.
You hit Duvessa. Duvessa hits you but does no damage.
Dowan gestures at you while chanting. You resist with almost no effort.
You puncture Duvessa! Duvessa misses you.
You hit Duvessa but do no damage.
Duvessa hits you with a +0 short sword. 😕 HP[-2]
You take 2 damage, and now have 42/50 hp.
You hit Duvessa but do no damage.
Duvessa hits you but does no damage. 😕 HP[+1]
You hit Duvessa but do no damage. Duvessa hits you with a +0 short sword.
Dowan misses you. 😮 HP[-6]
You take 6 damage, and now have 37/50 hp.
You barely miss Duvessa. Duvessa hits you with a +0 short sword!
Dowan hits you with a +2 dagger of venom.
* * * LOW HITPOINT WARNING * * *
You are poisoned. 😨 HP[-13]
You take 13 damage, and now have 24/50 hp.
MASSIVE DAMAGE!! (PAUSE)
You hit Duvessa.
You feel sick. Duvessa hits you but does no damage.
Dowan hits you with a +2 dagger of venom.
* * * LOW HITPOINT WARNING * * *
You are lethally poisoned! 😨 HP[-6]
You take 6 damage, and now have 18/50 hp.
It was a potion of might.
You feel very mighty all of a sudden.
* * * LOW HITPOINT WARNING * * *
You feel very sick. Duvessa hits you with a +0 short sword.
* * * LOW HITPOINT WARNING * * *
Dowan points at you and mumbles some strange words.
The puff of flame misses you. 😱 HP[-7]
You take 7 damage, and now have 11/50 hp.
It was a potion of berserk rage.
A red film seems to cover your vision as you go berserk!
You feel yourself moving faster!
You feel mighty!
* * * LOW HITPOINT WARNING * * *
You feel very sick. Duvessa closely misses you.
Dowan closely misses you. 😱 HP[+3]
You now have 75 max hp (+25).
You regained 3 hp, and now have 14/75 hp.
You barely miss Duvessa.
You feel sick. Duvessa hits you with a +0 short sword.
* * * LOW HITPOINT WARNING * * *
😱 HP[-6]
You take 6 damage, and now have 8/75 hp.
You hit Duvessa.
You kill Duvessa!
Lugonu accepts your kill.
Dowan screams, "No!
No!"
Dowan seems to find hidden reserves of power!
* * * LOW HITPOINT WARNING * * *
You feel sick.
Dowan hits you with a +2 dagger of venom.
* * * LOW HITPOINT WARNING * * *
You are more poisoned.
Your Fighting skill increases to level 5!
You have reached level 7! 😱 HP[-2] MP[+1]
You now have 84 max hp (+9).
Your mp is fully restored (10).
You hit Dowan.
* * * LOW HITPOINT WARNING * * *
You feel very sick.
Dowan breathes, "And she was my only..."
Dowan barely misses you. 😱 HP[-2]
You take 2 damage, and now have 4/84 hp.
You hit Dowan.
* * * LOW HITPOINT WARNING * * *
You feel sick.
Dowan shakes with grief.
Dowan hits you with a +2 dagger of venom.
You die...

Skill      XL: |  1  2  3  4  5  6 |
---------------+-------------------+-----
Dodging        | 3 4 5 |  5.3
Polearms       | 4 5 |  5.9
Fighting       | 4 5 |  5.1
Invocations    | 3 4 |  4.3
Armour         | |  0.6

Action                   |  1- 3 |  4- 6 |  7- 9 || total
-------------------------+-------+-------+-------++-------
Melee: Spear             |   101 |    67 |       ||   168
       Trident           |       |    98 |     2 ||   100
Invok: Depart the Abyss  |     1 |       |       ||     1
Evoke: Wand              |       |     5 |       ||     5
  Use: Scroll            |     6 |     2 |       ||     8
       Potion            |     1 |     4 |       ||     5
Armor: Leather armour    |    15 |    26 |       ||    41
Dodge: Dodged            |    36 |    92 |     1 ||   129

Levels and vault maps discovered:
D:1:      giann_bridges, layout_basic, shapermc_ecumenical_altar_hornbeckon
D:2:      layout_rooms
D:3:      layout_loops_ring, uniq_jessica, uniq_grinder, uniq_ijyb
D:4:      layout_loops_ring, grunt_temple_overflow_order_and_chaos_2,
          grunt_dithmenos_smoke_and_mirrors, hangedman_decor_diamond_cutter,
          uniq_duvessa

Notes
Turn   | Place    | Note
-------+----------+-------------------------------------------
     0 | Abyss:1  | spiderkeys the Merfolk Abyssal Knight began the quest for
                  | the Orb.
     0 | Abyss:1  | Reached XP level 1. HP: 18/18 MP: 2/2
     0 | Abyss:1  | magus.rc [v1.9.10]
     3 | Abyss:1  | Found a corrupted altar of Lugonu.
   265 | Abyss:2  | You pick up a book of Dreams and begin reading...
   265 | Abyss:2  | You add the spells Ensorcelled Hibernation, Animate Armour,
                  | Borgnjor's Vile Clutch, Silence and Shadow Creatures to
                  | your library.
   285 | Abyss:2  | Noticed a fire bat
   289 | Abyss:2  | HP: 3/18 [fire bat (6)]
   290 | Abyss:2  | Noticed a small abomination
   291 | D:1      | You pass through the gate.
   291 | D:1      | Escaped the Abyss
   555 | D:1      | Reached * piety under Lugonu
   757 | D:1      | Reached skill level 3 in Dodging
   757 | D:1      | Reached XP level 2. HP: 14/24 MP: 3/3
  1126 | D:1      | HP: 6/24 [ball python (1)]
  1498 | D:1      | Reached XP level 3. HP: 29/29 MP: 4/4
  1938 | D:1      | Found a faded altar of an unknown god.
  2412 | D:3      | Noticed Jessica
  2421 | D:3      | Killed Jessica
  2422 | D:3      | Reached skill level 4 in Polearms
  2422 | D:3      | Reached XP level 4. HP: 34/37 MP: 6/6
  2456 | D:3      | Noticed Ijyb
  2478 | D:3      | HP: 6/37 [Ijyb/+0 dagger (4)]
  2513 | D:3      | Reached ** piety under Lugonu
  2524 | D:3      | Killed Ijyb
  2525 | D:3      | Reached skill level 4 in Fighting
  2525 | D:3      | Reached skill level 3 in Invocations
  2926 | D:3      | You pick up a book of Callings and begin reading...
  2926 | D:3      | You add the spells Summon Small Mammal, Call Imp, Call
                  | Canine Familiar, Summon Guardian Golem, Summon Lightning
                  | Spire and Summon Ice Beast to your library.
  3069 | D:3      | Reached skill level 4 in Dodging
  3191 | D:3      | Reached XP level 5. HP: 32/42 MP: 7/7
  3450 | D:3      | Noticed Grinder
  3477 | D:3      | Killed Grinder
  3478 | D:3      | Reached skill level 5 in Polearms
  3478 | D:3      | Reached skill level 4 in Invocations
  3478 | D:3      | Reached XP level 6. HP: 20/50 MP: 7/9
  3889 | D:4      | Reached skill level 5 in Dodging
  4071 | D:4      | Noticed Dowan
  4073 | D:4      | Noticed Duvessa
  4093 | D:4      | HP: 11/50 [Duvessa/+0 short sword (2)]
  4096 | D:4      | Killed Duvessa
  4097 | D:4      | Reached skill level 5 in Fighting
  4097 | D:4      | Reached XP level 7. HP: 6/56 MP: 10/10
  4097 | D:4      | HP: 4/84 [poisoned by Dowan]
  4098 | D:4      | Slain by Dowan

Vanquished Creatures
  Grinder (D:3)
  Duvessa (D:4)
  Jessica (D:3)
  4 gnolls
  3 adders
  An adder skeleton (D:4)
  3 orcs (D:3)
  8 endoplasms
  9 goblins
  7 hobgoblins
  3 jackals
  A quokka (D:1)
  6 ball pythons
  7 bats
  3 frilled lizards
  5 rats
63 creatures vanquished.

Vanquished Creatures (collateral kills)
  Ijyb (D:3)
  A jackal (D:3)
2 creatures vanquished.

Grand Total: 65 creatures vanquished

Table legend:
 A = Non-vault XP
 B = Vault XP
 C = Vault XP percentage of total XP
 D = Non-vault monster count
 E = Vault monster count
 F = Vault count percentage of total count
                 A         B        C        D         E       F
            +---------+---------+-------+---------+---------+-------
      Total |     193 |     479 |  71.3 |      61 |       4 |   6.2
            +---------+---------+-------+---------+---------+-------
        D:1 |      58 |       0 |   0.0 |      27 |       0 |   0.0
        D:2 |      13 |       0 |   0.0 |       9 |       0 |   0.0
        D:3 |      57 |     346 |  85.9 |      18 |       3 |  14.3
        D:4 |      65 |     133 |  67.2 |       7 |       1 |  12.5
            +---------+---------+-------+---------+---------+-------

Illustrated notes

Table legend:
 A = Kills in this place as a percentage of kills in entire the game.
 B = Kills by you in this place as a percentage of kills by you in the entire game.
 C = Kills by friends in this place as a percentage of kills by friends in the entire game.
 D = Other kills in this place as a percentage of other kills in the entire game.
 E = Experience gained in this place as a percentage of experience gained in the entire game.
 F = Experience gained in this place divided by the number of levels of this place that you have seen.
                   A       B       C       D       E      F
               +-------+-------+-------+-------+-------+----------------------
         Total | 100.0 | 100.0 | 100.0 |   N/A | 100.0 | 112.0
       Dungeon | 100.0 | 100.0 | 100.0 |   N/A | 100.0 | 168.0
               +-------+-------+-------+-------+-------+----------------------

Table legend: (Time is in decaauts)
 A = Elapsed time spent in this place.
 B = Non-inter-level travel time spent in this place.
 C = Inter-level travel time spent in this place.
 D = Time resting spent in this place.
 E = Time spent auto-exploring this place.
 F = Levels seen in this place.
 G = Mean time per level.
                   A        B        C        D        E       F      G
               +--------+--------+--------+--------+--------+-----+--------+
         Total |   4069 |   3993 |     76 |      0 |   3474 |   6 |  678.2 |
       Dungeon |   3780 |   3704 |     76 |      0 |   3227 |   4 |  945.0 |
         Abyss |    289 |    289 |      0 |      0 |    247 |   2 |  144.5 |
               +--------+--------+--------+--------+--------+-----+--------+

Top non-repeatable levels by time:
     D:1: 1683 daAuts
     D:3: 1422 daAuts
     D:2: 416 daAuts
     D:4: 257 daAuts
 Abyss:1: 256 daAuts
 Abyss:2: 33 daAuts
